 Dungeon Crawl Stone Soup version 0.18-a0-867-gfd1cc8f (webtiles) character file.

174 M4edhros the Sneak (level 5, -21/33 HPs)
             Began as an Octopode Artificer on Dec 21, 2015.
             Demolished by an ogre
             ... wielding a +0 giant club
              (31 damage)
             ... on level 4 of the Dungeon.
             The game lasted 00:02:17 (1902 turns).

M4edhros the Sneak (Octopode Artificer)             Turns: 1902, Time: 00:02:17

Health: -21/33     AC:  1    Str: 10    XL:     5   Next: 54%
Magic:  7/7        EV: 10    Int: 16    God:
Gold:   148        SH:  7    Dex: 12    Spells: 0 memorised, 4 levels left

rFire  . . .     SeeInvis .     x - +3 dagger (speed)
rCold  . . .     Gourm    .     t - +0 shield
rNeg   . . .     Faith    .     (helmet restricted)
rPois  .         Spirit   .     (no amulet)
rElec  .         Dismiss  .     (no ring)
rCorr  .         Reflect  .     (no ring)
SustAt .         Harm     .     (no ring)
MR     .....                    (no ring)
Stlth  ++++......               (no ring)
                                (no ring)
                                (no ring)
                                (no ring)

@: not resistant to hostile enchantments, stealthy
A: almost no armour, amphibious, 8 rings, constrict 8, camouflage 1, gelatinous
body 1
a: no special abilities


You were on level 4 of the Dungeon.
You were not hungry.

You visited 1 branch of the dungeon, and saw 4 of its levels.

You collected 148 gold pieces.

Inventory:

Hand Weapons
 x - a +3 dagger of speed (weapon)
Missiles
 h - 25 stones (quivered)
Armour
 t - a +0 shield (worn)
Wands
 b - a wand of flame (10/48)
 c - a wand of enslavement (15/24)
 d - a wand of random effects (15/48)
Scrolls
 i - a scroll of enchant armour {unknown}
 n - a scroll of noise {unknown}
 o - 4 scrolls of remove curse {unknown}
 r - a scroll of identify {unknown}
 v - a scroll of recharging {unknown}
Potions
 e - a potion of cancellation {unknown}
 g - a potion of invisibility {unknown}
 k - 2 potions of flight {unknown}
 l - a potion of agility {unknown}
 m - a potion of haste {unknown}
 p - a potion of brilliance {unknown}
 u - 2 potions of curing {unknown}
Books
 w - Sif Muna's Disquisition on Combat Magic
   (You found it on level 4 of the Dungeon)

   Spells                             Type                      Level
   a - Flame Tongue                   Conjuration/Fire             1
Comestibles
 f - a bread ration
 q - a slice of pizza
 s - a beef jerky


   Skills:
 - Level 1.0 Fighting
 - Level 1.0 Short Blades
 * Level 3.7 Dodging
 * Level 4.9 Stealth
 * Level 1.1 Shields
 + Level 3.8 Evocations


You had 4 spell levels left.
You didn't know any spells.

Dungeon Overview and Level Annotations

Branches:
Dungeon (4/15)
 Temple: D:4-7

Altars:
Ashenzari
Elyvilon
Sif Muna

Annotations:
D:1 1 runed door


Innate Abilities, Weirdness & Mutations

You cannot wear most types of armour.
You are amphibious.
You can wear up to eight rings at the same time.
You can use your tentacles to constrict eight enemies at once.
Your skin changes colour to match your surroundings (Stealth).
Your rubbery body absorbs attacks (AC +1).


Message History

You hit the ogre.
The ogre is severely wounded.
You block the ogre's attack.
You hit the ogre.
The ogre is almost dead.
You hit the ogre.
The ogre is almost dead.
The ogre hits you with a giant club!!
Ouch! That really hurt!
* * * LOW HITPOINT WARNING * * *
You are too injured to fight recklessly!
Evoke which item? (* to show all) (? for menu, Esc to quit)
Zapping:
b - a wand of flame (11/48)
Press: ? - help, Shift-Dir - straight line, f - ogre
Aim: an ogre, wielding a giant club (almost dead)
The puff of flame hits the ogre.
The ogre is almost dead.
This wand has 10 charges left.
The ogre hits you with a giant club!!
Ouch! That really hurt!
You die...

#..#..#.#.#..#.# #
########..#.#.###.#.#.# #
#........$#..#.#.#..#.# #
#.#######.#.###.###.#.####
#. #.'###.#.###+..... #.#
#.###.....# #.#.## #.#
#.##'#####+##.##.# #.#
#O............###. #.#
#@.#>.#......###.#
#.#######..#..##.##.#.#.##
#.#........#..##.##.##.##
##..###.##.##........##.###
#...# ##.#.###.............
# ###...#
#....#####.#.#######
.####.....# ##.#..# ##.#.#
#.......#.###.##..# #....#
.####.####[..###..####..###


You could see an ogre.

Vanquished Creatures
  A scorpion (D:4)
  An iguana (D:4)
  2 orc wizards (D:4)
  A hound zombie (D:4)
  2 adders (D:4)
  2 hobgoblins (D:3)
  2 bats (D:3)
  3 giant newts
  3 goblins
  3 jackals (D:3)
  2 kobolds
22 creatures vanquished.

Notes
Turn   | Place    | Note
--------------------------------------------------------------
     0 | D:1      | M4edhros the Octopode Artificer began the quest for the Orb.
     0 | D:1      | Reached XP level 1. HP: 13/13 MP: 3/3
     1 | D:1      | Found a runed door.
   790 | D:3      | Reached XP level 2. HP: 18/18 MP: 4/4
  1129 | D:4      | Reached XP level 3. HP: 16/23 MP: 5/5
  1159 | D:4      | Noticed an ogre
  1278 | D:4      | Found a shattered altar of Ashenzari.
  1280 | D:4      | Noticed a scorpion
  1432 | D:4      | Killed a scorpion
  1432 | D:4      | Reached skill level 4 in Stealth
  1432 | D:4      | Reached XP level 4. HP: 28/28 MP: 6/6
  1462 | D:4      | Found a white marble altar of Elyvilon.
  1520 | D:4      | Noticed a moth of wrath
  1630 | D:4      | Found a deep blue altar of Sif Muna.
  1645 | D:4      | Reached XP level 5. HP: 20/33 MP: 7/7
  1796 | D:4      | Reached skill level 1 in Shields
  1799 | D:4      | Identified Sif Muna's Disquisition on Combat Magic
  1902 | D:4      | Demolished by an ogre

Vault maps used:
D:1:      dpeg_arrival_caged_fury, serial_glass, glass_columns_a,
          glass_columns_a, minmay_gold_behind_fungi, minivault_19
D:2:      grunt_dithmenos_smoke_and_mirrors
D:3:      lemuel_round_altar, first_bread, uniq_jessica, uniq_grinder
D:4:      tgw_trog, kennysheep_mini, lemuel_round_altar, led_sif_book,
          roderic_cross_of_infinity

Action                   |  1- 3 |  4- 6 || total
-------------------------+-------+-------++-------
Melee: Dagger            |    39 |    14 ||    53
       Short sword       |     5 |       ||     5
Evoke: Wand              |       |     5 ||     5
 Stab: Sleeping          |     6 |     4 ||    10
  Eat: Bread ration      |       |     1 ||     1
